AoeStats
← IDWARE21

MegaRandom

510212528Analyzed
4v4 RM · 2d ago on Sep 30, 2026· 52m 27s· 8 players
Game mode
Random Map
Map size
Large (8 player)
Population
200
Speed
Normal
Resources
Standard
Victory
Conquest
Starting age
Dark Age
Ending age
Imperial Age
RankedLock teamsTeams togetherTeam positionsShared explorationLock speedFull tech treeHidden civsTurbo modeCheats
Victory
Defeat
🇧🇷 Tupi · Brazil
1427
+15
🇺🇸 Celts · United States
1374
+17
🇺🇸 Mongols · United States
1322
+19
🇦🇺 Lithuanians · Australia
1283
+21
🇧🇷 Vietnamese · Brazil
1412
-19
🇧🇷 Persians · Brazil
1404
-18
🇧🇷 Wu · Brazil
1404
-18
🇧🇷 Britons · Brazil
1372
-17
Tamy Chan
7:56 Loom
11:33 Feudal Age
16:10 Castle Age
14:34 Double-Bit Axe
16:30 Wheelbarrow
17:38 Bow Saw
17:21 Gold Mining
18:15 Fervor
20:21 Horse Collar
24:58 Pikeman
25:38 Crossbowman
27:15 Hand Cart
26:47 Town Watch
30:19 Imperial Age
28:14 Fletching
29:27 Bodkin Arrow
29:32 Padded Archer Armor
30:21 Ballistics
31:17 Arbalester
33:19 Chemistry
34:52 Bracer
35:07 Leather Archer Armor
36:11 Leather Archer Armor
36:12 Town Patrol
39:05 Capped Ram
41:31 Two-Man Saw
45:48 Gold Shaft Mining
45:03 Stone Mining
45:54 Ring Archer Armor
47:50 Chemistry
48:36 Coinage
48:16 Guilds
48:07 Caravan
50:12 Conscription
49:53 Warwolf
Bet0
10:40 Feudal Age
18:41 Castle Age
17:03 Double-Bit Axe
17:01 Horse Collar
18:07 Gold Mining
18:44 Loom
19:20 Scale Barding Armor
19:27 Forging
20:16 Bow Saw
22:29 Iron Casting
22:27 Husbandry
23:26 Bloodlines
26:54 Wheelbarrow
26:20 Heavy Plow
29:42 Gold Shaft Mining
29:54 Stone Mining
30:48 Chain Barding Armor
31:39 Stone Shaft Mining
39:51 Imperial Age
39:33 Cavalier
40:50 Plate Barding Armor
40:58 Hand Cart
44:45 Two-Man Saw
44:15 Crop Rotation
47:53 Blast Furnace
47:09 Light Cavalry
Mionel Lessi
2:14 Loom
12:25 Feudal Age
13:17 Double-Bit Axe
19:24 Castle Age
17:30 Horse Collar
19:41 Stone Mining
19:42 Gold Mining
20:33 Heavy Plow
22:54 Wheelbarrow
22:04 Town Watch
25:33 Hand Cart
27:53 Fletching
28:31 Bodkin Arrow
28:36 Padded Archer Armor
29:38 Treadmill Crane
30:08 Masonry
29:54 Murder Holes
31:10 Leather Archer Armor
31:52 Red Cliffs Tactics
32:23 Ballistics
36:58 Imperial Age
38:27 Conscription
38:36 Conscription
37:44 Elite Fire Archer
39:35 Bracer
44:54 Chemistry
49:40 Caravan
Mateus Viana
10:44 Loom
12:29 Feudal Age
17:08 Castle Age
14:58 Double-Bit Axe
15:34 Horse Collar
19:32 Heavy Plow
19:46 Bow Saw
20:14 Fletching
21:29 Bodkin Arrow
22:53 Padded Archer Armor
25:48 Ballistics
25:45 Leather Archer Armor
29:47 Wheelbarrow
28:58 Town Watch
34:27 Imperial Age
32:31 Stone Mining
32:32 Gold Mining
33:20 Hand Cart
35:04 Town Patrol
35:15 Bracer
35:46 Ring Archer Armor
36:52 Chemistry
36:47 Elite Rattan Archer
38:05 Heavy Plow
38:52 Caravan
39:04 Scale Mail Armor
40:10 Chain Mail Armor
40:20 Paper Money
43:20 Thumb Ring
43:53 Elite Skirmisher
44:36 Murder Holes
44:47 Siege Engineers
48:16 Squires
49:04 Scale Barding Armor
49:13 Forging
49:57 Bloodlines
49:37 Light Cavalry
49:55 Pikeman
IDWARE21
7:27 Loom
9:46 Feudal Age
11:19 Double-Bit Axe
15:52 Castle Age
14:29 Fletching
14:37 Horse Collar
18:30 Bodkin Arrow
20:21 Padded Archer Armor
21:29 Husbandry
23:29 Bloodlines
24:47 Bow Saw
25:57 Leather Archer Armor
26:59 Ballistics
28:33 Thumb Ring
33:57 Gold Mining
33:59 Stone Mining
34:49 Wheelbarrow
34:00 Town Watch
37:38 Imperial Age
37:51 Caravan
39:20 Chemistry
38:25 Bracer
39:35 Hand Cart
40:21 Parthian Tactics
39:22 Heavy Cavalry Archer
42:02 Light Cavalry
45:21 Hussar
46:11 Scale Barding Armor
46:17 Forging
47:51 Chain Barding Armor
49:19 Iron Casting
50:36 Capped Ram
51:43 Conscription
The Symb0l
10:13 Feudal Age
15:29 Castle Age
14:24 Double-Bit Axe
14:40 Horse Collar
15:43 Loom
16:08 Pikeman
22:11 Scale Mail Armor
27:38 Forging
29:27 Chain Mail Armor
31:33 Iron Casting
32:33 Arson
36:02 Heavy Plow
36:25 Bow Saw
39:30 Imperial Age
39:26 Caravan
39:52 Halberdier
41:11 Onager
42:37 Siege Engineers
44:17 Chemistry
44:03 Furor Celtica
43:46 Siege Onager
46:07 Blast Furnace
45:38 Plate Mail Armor
46:24 Conscription
46:02 Siege Onager
49:12 Scale Barding Armor
49:11 Capped Ram
ObelusCipher
7:16 Loom
9:30 Feudal Age
14:46 Double-Bit Axe
19:55 Castle Age
18:00 Horse Collar
19:38 Gold Mining
21:01 Bloodlines
20:58 Scale Barding Armor
21:10 Bow Saw
26:13 Forging
27:49 Chain Barding Armor
28:51 Heavy Plow
30:03 Husbandry
39:24 Imperial Age
39:43 Caravan
39:37 Cavalier
40:55 Plate Barding Armor
41:32 Iron Casting
42:57 Light Cavalry
45:50 Paladin
47:24 Wheelbarrow
Mr. M
11:02 Feudal Age
15:26 Castle Age
13:45 Double-Bit Axe
14:00 Horse Collar
21:18 Fletching
23:16 Bow Saw
22:54 Loom
24:10 Bodkin Arrow
26:17 Wheelbarrow
25:31 Town Watch
26:07 Heavy Plow
26:23 Padded Archer Armor
27:43 Ballistics
29:22 Hand Cart
30:05 Leather Archer Armor
34:16 Imperial Age
34:35 Elite Blackwood Archer
35:16 Bracer
36:23 Chemistry
35:55 Ring Archer Armor
38:21 Scale Mail Armor
38:32 Forging
38:34 Curare
38:50 Conscription
40:51 Hoardings
42:41 Caravan
43:53 Murder Holes
44:31 Champi Runner
45:13 Squires
44:59 Arson
45:33 Chain Mail Armor
45:55 Iron Casting
45:29 Caciques
45:55 Champi Warrior
47:08 Plate Mail Armor
49:23 Elite Champi Warrior
Connection lost

Rejoining the realm…

Still unreachable

The connection could not be restored.

Session expired

The server has moved on; the page needs a fresh start.